 Dungeon Crawl Stone Soup version 0.31-a0-321-g19405a7a6a (webtiles) character file.

Game seed: 5237348450112971186

3621 lunkers the Spear-Bearer (level 10, 0/86 HPs)
             Began as a Meteoran Shapeshifter on July 17, 2023.
             Was an Initiate of Gozag.
             Asphyxiated
             ... on level 8 of the Dungeon.
             The game lasted 00:07:47 (3038 turns).

lunkers the Spear-Bearer (Meteoran Shapeshifter)    Turns: 3038, Time: 00:07:48

Health: 0/86       AC:  8    Str: 27    XL:     10   Next: 58%
Magic:  11/11      EV: 16    Int:  7    God:    Gozag
Gold:   984        SH:  0    Dex: 17    Spells: 9/9 levels left

rFire   + + .        f - +8 spear of Severance {freeze, rF++ Int-4}
rCold   . . .        (no shield)
rNeg    . . .        y - +3 leather armour
rPois   .            (no helmet)
rElec   .            (no cloak)
rCorr   .            j - +1 pair of gloves {Str+3}
SInv    .            (no boots)
Will    ++...        s - amulet of regeneration
Stlth   +            r - +6 ring of strength
HPRegen 1.14/turn    k - ring of willpower
MPRegen 0.12/turn

%: no passive effects
@: lethally poisoned (0 -> -44), gold aura, slowed, glowing, very slow
A: sense surroundings 2, otherworldly, glowing, explore regen
a: Renounce Religion, Potion Petition, Call Merchant, Bribe Branch


You were on level 8 of the Dungeon.
You worshipped Gozag.
Gozag was pleased with you.
You visited 1 branch of the dungeon, and saw 8 of its levels.

You collected 1028 gold pieces.
You paid 44 gold pieces to Gozag.

Inventory:

Hand Weapons
 f - the +8 spear of Severance (weapon) {freeze, rF++ Int-4}
   (You found it on level 2 of the Dungeon)

   Int:       It affects your intelligence (-4).
   rF:        It greatly protects you from fire.
Armour
 j - a +1 pair of gloves of strength (worn)
 y - a +3 leather armour (worn)
Jewellery
 k - a ring of willpower (right hand)
 r - a +6 ring of strength (left hand)
 s - an amulet of regeneration (around neck)
 x - an amulet of magic regeneration
Talismans
 c - a beast talisman
 n - a talisman of death
Wands
 g - a wand of mindburst (10)
Scrolls
 a - 2 scrolls of blinking
 e - 3 scrolls of identify
 m - a scroll of enchant armour
 p - 2 scrolls of amnesia
 q - a scroll of immolation
Potions
 b - a potion of lignification
 d - 3 potions of curing
 h - a potion of resistance
 i - a potion of attraction {unknown}
 l - a potion of enlightenment
 u - a potion of experience
 w - 3 potions of invisibility
 z - a potion of berserk rage {unknown}


   Skills:
 + Level 7.6 Fighting
 - Level 12.0 Polearms
 - Level 3.0 Armour
 + Level 7.5 Dodging
 - Level 4.5 Unarmed Combat
 - Level 3.6 Shapeshifting


You had 9 spell levels left.
You didn't know any spells.
Your spell library contained the following spells:

 Spells                   Type           Power      Damage    Failure   Level
 Sandblast                Erth           0%         2d4       45%         1
 Shock                    Conj/Air       0%         1d3       45%         1
 Ensorcelled Hibernation  Hex/Ice        0%         N/A       61%         2
 Passwall                 Tmut/Erth      0%         N/A       61%         2
 Stone Arrow              Conj/Erth      0%         3d7       83%         3
 Swiftness                Air            0%         N/A       83%         3
 Airstrike                Air            0%         2d(0-16)  99%         4


Dungeon Overview and Level Annotations

Branches:
Dungeon (8/15) Zot: 1871   Temple (0/1) D:7
   Lair: D:8-11

Altars:
Cheibriados
Dithmenos
Elyvilon
Gozag
Ru
Xom
Yredelemnul
The Shining One

Shops:
D:3 *

Annotations:
D:8 Amaemon


Innate Abilities, Weirdness & Mutations

You passively map the area around you.
You are easily found by Zot.
You glow in the dark.
You regain HP and MP as you explore.


Message History

You hit Amaemon. You freeze Amaemon.
Amaemon is moderately wounded.
You closely miss Amaemon.
Amaemon is moderately wounded.
Amaemon hits you with the +8 whip "Snakebite" {venom, curare, rPois}!
You are poisoned.
You have difficulty breathing.
You feel yourself slow down. Amaemon claws you! Amaemon barely misses you.
You puncture Amaemon! You freeze Amaemon.
Amaemon is moderately wounded.
You feel very sick.
Amaemon hits you with the +8 whip "Snakebite" {venom, curare, rPois}!
* * * LOW HITPOINT WARNING * * *
You are more poisoned.
Amaemon claws you!
* * * LOW HITPOINT WARNING * * *
Amaemon tail-slaps you.
* * * LOW HITPOINT WARNING * * *
You are lethally poisoned!
Amaemon poisons you!
Reach: f) +8 spear of Severance {freeze, rF++ Int-4}
Press: ? - help, Dir - move target, f/p - Amaemon
Aim: Amaemon, wielding the +8 whip "Snakebite" {venom, curare, rPois} (moderately wounded, about 29% to evade the +8 spear of Severance)
You barely miss Amaemon.
Amaemon is moderately wounded.
* * * LOW HITPOINT WARNING * * *
You feel extremely sick.
Reach: f) +8 spear of Severance {freeze, rF++ Int-4}
Press: ? - help, Dir - move target, f/p - Amaemon
Aim: Amaemon, wielding the +8 whip "Snakebite" {venom, curare, rPois} (moderately wounded, about 29% to evade the +8 spear of Severance)
You puncture Amaemon! You freeze Amaemon.
Amaemon is heavily wounded.
* * * LOW HITPOINT WARNING * * *
You feel extremely sick.
Amaemon hits you with the +8 whip "Snakebite" {venom, curare, rPois}!
* * * LOW HITPOINT WARNING * * *
You are more poisoned.
You have difficulty breathing.
You die...
Your body crumbles into a pile of gold.

........#
#............# *
.......##
.....(.....###
......##
......##...#*
.....##
.....^#..#..#*
#...## *
,#.###.#.###...#
....#* *, . *
#.#.# *...#
.#...* ,
*,####.#.# ...#
##..,
,...#......# .#
... ......6@..#
, #..., ,
..........# * *
, .....$....# *
* *
............, ,
, ...###.....##
*, , * ,* *,.. *
#####<. , , * *
# * ### * , , *
**


You could see Amaemon.

Vanquished Creatures
  An orange demon (D:8)
  2 hornets
  Sigmund (D:4)
  A wraith (D:7)
  A wyvern (D:8)
  2 water moccasins
  An ice beast (D:6)
  2 sky beasts
  A black bear (D:6)
  A centaur (D:8)
  6 bullfrogs
  2 scorpions
  A wight (D:7)
  6 killer bees (D:6)
  7 orc priests
  3 hounds
  2 jellies
  3 gnoll boudas
  2 sleepcaps
  4 iguanas
  4 orc wizards
  7 adders
  11 gnolls
  A shadow imp (D:5)
  3 white imps
  An ufetubus (D:6)
  3 worms
  3 dart slugs
  21 orcs
  4 endoplasms
  3 giant cockroaches
  7 goblins
  6 hobgoblins
  3 jackals (D:2)
  6 ball pythons
  4 bats
  2 frilled lizards
  5 kobolds
  A rat (D:2)
144 creatures vanquished.

Notes
Turn   | Place    | Note
-------+----------+-------------------------------------------
     0 | D:1      | lunkers the Meteoran Shapeshifter began the quest for the
                  | Orb.
     0 | D:1      | Reached XP level 1. HP: 17/17 MP: 2/2
    98 | D:1      | Reached XP level 2. HP: 14/24 MP: 3/3
   239 | D:2      | Found a shimmering altar of Xom.
   246 | D:2      | Reached XP level 3. HP: 29/29 MP: 4/4
   373 | D:2      | Identified the +8 spear of Severance {freeze, rF++ Int-4}
   430 | D:2      | Reached XP level 4. HP: 36/36 MP: 5/5
   498 | D:3      | Reached skill level 1 in Polearms
   579 | D:3      | Reached skill level 2 in Polearms
   762 | D:3      | Found an opulent altar of Gozag.
   762 | D:3      | Found a sacrificial altar of Ru.
   769 | D:3      | Became a worshipper of Gozag Ym Sagoz the Greedy
   927 | D:3      | Reached XP level 5. HP: 41/41 MP: 6/6
   955 | D:3      | Found Tuzeth's Assorted Antiques.
  1010 | D:4      | Reached skill level 3 in Polearms
  1020 | D:4      | Reached skill level 4 in Polearms
  1081 | D:4      | Noticed Sigmund
  1087 | D:4      | Killed Sigmund
  1088 | D:4      | Reached skill level 6 in Polearms
  1088 | D:4      | Reached XP level 6. HP: 36/48 MP: 7/7
  1088 | D:4      | Reached XP level 7. HP: 42/55 MP: 8/8
  1296 | D:4      | Reached skill level 7 in Polearms
  1459 | D:5      | Entered Level 5 of the Dungeon
  1605 | D:5      | Reached skill level 8 in Polearms
  1608 | D:5      | Reached XP level 8. HP: 52/61 MP: 9/9
  1653 | D:5      | Found a white marble altar of Elyvilon.
  1827 | D:6      | Reached skill level 9 in Polearms
  1908 | D:6      | Reached skill level 10 in Polearms
  1971 | D:6      | Gained mutation: You passively map the area around you.
                  | [Meteoran growth]
  1971 | D:6      | Reached XP level 9. HP: 55/67 MP: 10/10
  1986 | D:6      | Reached skill level 11 in Polearms
  2050 | D:6      | Reached skill level 12 in Polearms
  2056 | D:6      | Reached skill level 1 in Armour
  2171 | D:6      | Found a glowing golden altar of the Shining One.
  2477 | D:7      | Found a staircase to the Ecumenical Temple.
  2492 | D:7      | Noticed a hornet
  2501 | D:7      | Killed a hornet
  2502 | D:7      | Reached skill level 5 in Fighting
  2502 | D:7      | Reached XP level 10. HP: 42/81 MP: 11/11
  2557 | D:7      | Reached skill level 5 in Dodging
  2801 | D:8      | Found a snail-covered altar of Cheibriados.
  2838 | D:8      | Found a basalt altar of Yredelemnul.
  2916 | D:8      | Paralysed by a hornet for 1 turns
  2924 | D:8      | Found a shadowy altar of Dithmenos.
  3024 | D:8      | Noticed an orange demon
  3025 | D:8      | Noticed Amaemon
  3030 | D:8      | Killed an orange demon
  3038 | D:8      | Asphyxiated

Illustrated notes

Levels and vault maps discovered:
D:1:      noname_arrival_rooms_in_the_neighbourhood, layout_loops_ring,
          serial_shops, nicolae_shop_trees, basic_ecumenical_altar,
          amethyst_killhole
D:2:      layout_basic, basic_altar, uniq_robin
D:3:      layout_loops_cross, jmf_multi_god_temple, serial_shops, shop
D:4:      layout_basic, hangedman_decor_clover_reticule, uniq_sigmund
D:5:      layout_loops_ring, mainiacjoe_overflow_alcove_1
D:6:      minmay_evil_eye, layout_basic, tso_oasis_becter,
          nicolae_grassy_gnolls, uniq_pikel
D:7:      minmay_chambers_of_fours, layout_layer_cave,
          minmay_temple_entry_enclosed_plants, kennysheep_nub
D:8:      layout_rooms, lemuel_coloured_pillars_altar,
          mainiacjoe_overflow_large_starburst, uniq_amaemon

Skill      XL: |  1  2  3  4  5  6  7  8  9 10 |
---------------+-------------------------------+-----
Unarmed Combat | 3 4 |  4.5
Polearms       | 2 6 8 10 12 | 12.0
Armour         | 3 |  3.0
Fighting       | 5 7 |  7.6
Dodging        | 4 7 |  7.5
Shapeshifting  | |  3.6

Action                     |  1- 3 |  4- 6 |  7- 9 | 10-12 || total
---------------------------+-------+-------+-------+-------++-------
  Melee: Unarmed           |    63 |       |       |       ||    63
         Spear             |     7 |    49 |   194 |    74 ||   324
         Punch             |       |       |     3 |     3 ||     6
Ability: Begin Untransform |       |       |     1 |       ||     1
    Use: Scroll            |       |       |    14 |       ||    14
         Potion            |       |       |     1 |       ||     1
 Armour: Animal skin       |     6 |     3 |     2 |       ||    11
         Skin              |       |       |    15 |       ||    15
         Leather armour    |       |       |     3 |    11 ||    14
  Dodge: Dodged            |    23 |    14 |    28 |    21 ||    86

Table legend: (Time is in decaauts)
 A = Elapsed time spent in this place.
 B = Non-inter-level travel time spent in this place.
 C = Inter-level travel time spent in this place.
 D = Time resting spent in this place.
 E = Time spent auto-exploring this place.
 F = Levels seen in this place.
 G = Mean time per level.
                   A        B        C        D        E       F      G
               +--------+--------+--------+--------+--------+-----+--------+
         Total |   2927 |   2837 |     90 |     17 |   1842 |   8 |  365.9 |
       Dungeon |   2927 |   2837 |     90 |     17 |   1842 |   8 |  365.9 |
               +--------+--------+--------+--------+--------+-----+--------+

Top non-repeatable levels by time:
     D:7: 537 daAuts
     D:3: 500 daAuts
     D:4: 455 daAuts
     D:6: 423 daAuts
     D:2: 268 daAuts
     D:5: 267 daAuts
     D:8: 252 daAuts
     D:1: 223 daAuts
